[Event "Early-Titled-Tuesday-Blitz-February-13-2024"]
[Site "Chess.com"]
[Date "2024.02.13"]
[Round "6"]
[White "Sanan_Sjugirov"]
[Black "Som2310"]
[Result "1-0"]
[WhiteElo "3002"]
[BlackElo "2807"]
[TimeControl "180+1"]
[EndTime "9:10:23 PST"]
[Termination "Sanan_Sjugirov won by resignation"]

1. e4 e6 2. d4 d5 3. e5 c5 4. c3 Nc6 5. Nf3 Qb6 6. a3 f6 7. Bd3 fxe5 8. dxe5 c4 9. Bc2 g6 10.
O-O Bg7 11. Re1 Nh6 12. Bxh6 Bxh6 13. b3 cxb3 14. Bxb3 O-O 15. c4 Na5 16. Ba2 Nxc4 17. Bxc4 dxc4 18. Nc3 Qb3 19. Qd4 b6 20. Rab1 Qxa3 21.
Qxc4 Qc5 22. Qb3 Bb7 23. Qxe6+ Kh8 24. Ne4 Bxe4 25. Rxe4 Rae8 26. Qg4 a5 27. h4 Rf5 28.
Rc4 Qd5 29. Rxb6 Ref8 30. Qd4 Qxd4 31. Rxd4 Bg7 32. Rb5 Re8 33. Rxa5 Kg8 34. Rd7 h6 35. Raa7 Bxe5 36. Nxe5 Rexe5 37. Rg7+ Kf8 38. Rxg6 Re1+ 39. Kh2 Rxf2 40. Rxh6 Kg8 41. Rg6+ Kh8 42. Rh6+ Kg8 43. Rhh7 Ree2 44. Rag7+ Kf8 45. h5 Re5 46. h6 Rh5+ 47. Kg3 Rxh6 48. Kxf2 1-0

[Event "Early-Titled-Tuesday-Blitz-February-13-2024"]
[Site "Chess.com"]
[Date "2024.02.13"]
[Round "6"]
[White "FoxOnTheRun97"]
[Black "Hovik_Hayrapetyan"]
[Result "0-1"]
[WhiteElo "2663"]
[BlackElo "2901"]
[TimeControl "180+1"]
[EndTime "9:10:25 PST"]
[Termination "Hovik_Hayrapetyan won by checkmate"]

1. d4 Nf6 2. Bg5 d5 3. e3 c5 4. c3 Qb6 5. Qb3 c4 6. Qxb6 axb6 7. Bxf6 exf6 8. e4 dxe4 9. Bxc4 Bd6 10. Nd2 f5 11.
Ne2 O-O 12. O-O Re8 13. Rfe1 Bd7 14. Ng3 Nc6 15. Bd5 Bc7 16. Bb3 g6 17. Nc4 Kg7 18. f3 b5 19. Ne3 exf3 20. gxf3 Rxe3 21. Rxe3 f4 22. Re2 fxg3 23. h4 Kf6 24. Rae1 Bd6 25. Bd5 Ne7 26. Bxb7 Rxa2 27. Be4 h5 28. Kg2 Nf5 29.
Bxf5 Bxf5 30. b3 Ra3 31. c4 bxc4 32. bxc4 Bd3 33. Re3 Ra2+ 34. Kg1 Bxc4 35. Rc3 Bb4 36. Rxc4 Bxe1 37. d5 Bf2+ 38. Kg2 Be1+ 39. Kg1 Ba5 40. d6 Bb6+ 41. Kh1 g2+ 42. Kh2 g1=Q+ 43. Kh3 Qg2# 0-1

[Event "Early-Titled-Tuesday-Blitz-February-13-2024"]
[Site "Chess.com"]
[Date "2024.02.13"]
[Round "6"]
[White "GrotBchess"]
[Black "PolandHussars"]
[Result "0-1"]
[WhiteElo "2383"]
[BlackElo "2594"]
[TimeControl "180+1"]
[EndTime "9:10:25 PST"]
[Termination "PolandHussars won by resignation"]

1. c4 e6 2. d4 b6 3. Nf3 Bb7 4. Nc3 Nf6 5. a3 c5 6. e3 Be7 7. Be2 O-O 8. O-O d6 9. b4 Nbd7 10. Bb2 Qc7 11. Rc1 Rac8 12. h3 Qb8 13. Qb3 d5 14. cxd5 Nxd5 15. Nxd5 Bxd5 16. Bc4 Bxf3 17.
gxf3 cxb4 18. axb4 Qd6 19. f4 Nf6 20. Ba3 a5 21. Rb1 Rc7 22. Rfc1 Rfc8 23. Ba6 Rxc1+ 24. Bxc1 Ra8 25. Bb7 Rb8 26. Bf3 Qxb4 27. Qc2 Qd6 28. Bd2 Nd5 29. Bxd5 Qxd5 30. Qc7 Bd6 31. Qa7 h5 32.
Rxb6 Rxb6 33. Qxb6 a4 34. Bb4 Bxb4 35. Qxb4 Qb3 36.
Qe7 g6 37. f5 Qb1+ 38. Kg2 Qe4+ 39. Kg3 h4+ 40. Kh2 Qxf5 41. Kg2 Qb5 42. Qxh4 a3 43. Qd8+ Kg7 44. Qa8 Qd5+ 45. Qxd5 exd5 46. e4 a2 47. exd5 a1=Q 48. d6 Qxd4 49. d7 Qd5+ 0-1

[Event "Early-Titled-Tuesday-Blitz-February-13-2024"]
[Site "Chess.com"]
[Date "2024.02.13"]
[Round "6"]
[White "abelmat"]
[Black "johnmez"]
[Result "1/2-1/2"]
[WhiteElo "2086"]
[BlackElo "2276"]
[TimeControl "180+1"]
[EndTime "9:10:25 PST"]
[Termination "Game drawn by repetition"]

1. d4 Nf6 2. c4 c5 3. Nf3 cxd4 4. Nxd4 Nc6 5. g3 g6 6. Bg2 Bg7 7. O-O O-O 8. Nc3 Nxd4 9. Qxd4 d6 10. c5 Nd7 11. Qh4 Nxc5 12. Bg5 Re8 13. Nd5 Bf8 14.
Rac1 Be6 15. b4 Na6 16. a3 Qd7 17. Nf4 Bf5 18. Nd5 Be6 19. Nf4 Rac8 20. Nxe6 fxe6 21. Bh3 Nc7 22. Qe4 d5 23. Qe3 Bg7 24. Rxc7 Qxc7 25. Bxe6+ Kh8 26. h4 Qd6 27. Bxc8 Rxc8 28. Qxa7 Rc3 29.
Qxb7 Rxg3+ 30. fxg3 Qxg3+ 31. Kh1 Qh3+ 32. Kg1 Bd4+ 33. e3 Qg3+ 34. Kh1 Qh3+ 35. Kg1 Qg3+ 36. Kh1 Qh3+ 37. Kg1 1/2-1/2

[Event "Early-Titled-Tuesday-Blitz-February-13-2024"]
[Site "Chess.com"]
[Date "2024.02.13"]
[Round "6"]
[White "ChessQueen"]
[Black "bancsoo"]
[Result "0-1"]
[WhiteElo "2681"]
[BlackElo "2910"]
[TimeControl "180+1"]
[EndTime "9:10:26 PST"]
[Termination "bancsoo won by resignation"]

1. e4 e5 2. Bc4 Nf6 3. Nc3 Nc6 4. d3 Na5 5. Qf3 Be7 6. Nge2 c6 7. a4 Nxc4 8. dxc4 d6 9. O-O Be6 10. b3 O-O 11. Rd1 Qc7 12. h3 Rfe8 13. Bb2 Rad8 14. Rd3 Nd7 15. Ng3 Nc5 16. Rdd1 g6 17. a5 Qc8 18.
Ba3 Bf8 19. Qe3 Qc7 20. Bb2 Qe7 21. Rd2 Qh4 22. Rdd1 f5 23. Qf3 f4 24. Nf1 g5 25.
Na4 g4 26. Qe2 Nxa4 27. Rxa4 gxh3 28. g3 fxg3 29. fxg3 Qg5 30. Bc1 Qg6 31. Qe3 Kh8 32. Kh2 Be7 33. Bb2 c5 34. Raa1 Rf8 35. Rd3 Bg4 36.
Re1 Bg5 37. Qg1 Bf3 38. Bc3 Bxe4 39. Rxd6 Rxd6 40. Bxe5+ Rdf6 41. Bxf6+ Bxf6 42. Qxc5 Kg8 43. Qe3 Bc6 44. Qe7 Bxe7 0-1

[Event "Early-Titled-Tuesday-Blitz-February-13-2024"]
[Site "Chess.com"]
[Date "2024.02.13"]
[Round "6"]
[White "GoValya"]
[Black "amiqu"]
[Result "0-1"]
[WhiteElo "2269"]
[BlackElo "2069"]
[TimeControl "180+1"]
[EndTime "9:10:26 PST"]
[Termination "amiqu won on time"]

1. d4 Nf6 2. g3 d5 3. Bg2 e6 4. c4 dxc4 5. Nf3 Nc6 6. O-O Rb8 7. a4 b6 8. Nc3 Be7 9. e4 Nb4 10. Qe2 O-O 11. Rd1 Ba6 12. Ne5 Nd3 13. Nc6 Qd7 14.
Nxb8 Rxb8 15. d5 Bc5 16. Be3 Bxe3 17. fxe3 exd5 18. exd5 Re8 19. Rf1 Qe7 20. e4 Qc5+ 21. Kh1 Nxd5 22. Nxd5 Qxd5 23. exd5 Rxe2 24. a5 b5 25. d6 cxd6 26. Bd5 Re7 27. b3 Nb4 28. bxc4 bxc4 29. Bf3 g6 30. Rab1 Nd3 31. Rb8+ Kg7 32.
Bd5 Ne5 33. Rb4 c3 34. Rc1 Nd3 35. Rbb1 Nxc1 36. Rxc1 Re3 37. Kg2 Rd3 38. Be4 Rd4 39. Kf3 d5 40. Bc2 Rd2 41. h4 d4 42.
Be4 h5 43. Rc2 Rxc2 44. Bxc2 d3 45. Bd1 c2 0-1

[Event "Early-Titled-Tuesday-Blitz-February-13-2024"]
[Site "Chess.com"]
[Date "2024.02.13"]
[Round "6"]
[White "abeljusto"]
[Black "Viktor_Poddubnyi"]
[Result "0-1"]
[WhiteElo "2059"]
[BlackElo "2267"]
[TimeControl "180+1"]
[EndTime "9:10:26 PST"]
[Termination "Viktor_Poddubnyi won on time"]

1. e4 g6 2. d4 Bg7 3. Nc3 d6 4. Be3 a6 5. Qd2 b5 6. h4 h5 7. Nh3 Bb7 8. f3 Nf6 9. Ng5 e6 10. Be2 Qe7 11. Rg1 Nbd7 12. a3 c5 13. Nd1 cxd4 14. Bxd4 Ne5 15. b3 Rc8 16. Ne3 Ned7 17.
a4 Bc6 18. axb5 axb5 19. Kf2 O-O 20. Ra7 Ra8 21. Rga1 Rxa7 22. Rxa7 Ra8 23. Rxa8+ Bxa8 24. Bxb5 Ne5 25. Qa5 Qf8 26. Bxe5 dxe5 27. Nc4 Nh7 28. Nxh7 Kxh7 29. Qc7 f5 30. exf5 Qxf5 31. Nd6 Qf4 32. Qc4 e4 33. Nxe4 Qxh4+ 34. g3 Qh2+ 35. Ke3 Qg1+ 36.
Kd2 Qg2+ 37. Kd3 Qxf3+ 38. Kd2 Bxe4 0-1

[Event "Early-Titled-Tuesday-Blitz-February-13-2024"]
[Site "Chess.com"]
[Date "2024.02.13"]
[Round "6"]
[White "Hikaru"]
[Black "K_A_S_T_O_R"]
[Result "1-0"]
[WhiteElo "3369"]
[BlackElo "2869"]
[TimeControl "180+1"]
[EndTime "9:10:27 PST"]
[Termination "Hikaru won by resignation"]

1. d4 Nf6 2. Bg5 e6 3. e4 h6 4. Bxf6 Qxf6 5. Nc3 d6 6. Qd2 g5 7. O-O-O Bg7 8. g3 Nc6 9. Nb5 Qe7 10. c3 a6 11. Na3 Bd7 12. Nc2 O-O-O 13. Bg2 f5 14. exf5 exf5 15. f4 gxf4 16. gxf4 Rde8 17. Bf3 Qh4 18. Ne2 h5 19. Kb1 Bh6 20. c4 Re7 21.
d5 Nd8 22. c5 dxc5 23. d6 cxd6 24. Qxd6 Rhe8 25. Qxh6 Rxe2 26. Qxh5 Qxh5 27. Bxh5 Bc6 28. Rhg1 R2e7 29. Bxe8 Rxe8 30. Kc1 Rh8 31. Ne3 Be4 32.
Nc4 Kc7 33. Nd6 Ne6 34. Nxe4 fxe4 35. Rge1 Rxh2 36. Rxe4 Nd4 37. Kb1 Rf2 38. Re7+ Kc6 39. Rh1 Rxf4 40. Rh6+ Kd5 41. a3 b5 42. Rxa6 Kc4 43. Ka2 Rf1 44. Re4 Kd3 45. Rh4 c4 46. Rd6 1-0

[Event "Early-Titled-Tuesday-Blitz-February-13-2024"]
[Site "Chess.com"]
[Date "2024.02.13"]
[Round "6"]
[White "Jospem"]
[Black "maciek_92"]
[Result "1-0"]
[WhiteElo "3050"]
[BlackElo "2819"]
[TimeControl "180+1"]
[EndTime "9:10:27 PST"]
[Termination "Jospem won on time"]

1. e4 c5 2. Nf3 e6 3. c3 Nf6 4. Bd3 d5 5. e5 Nfd7 6. Bc2 c4 7. d4 cxd3 8. Bxd3 Nc6 9. Qe2 g6 10. Bf4 Bg7 11. O-O O-O 12. Re1 f6 13. exf6 Nxf6 14.
Bg5 Qd6 15. Nbd2 Bd7 16. Rad1 Rae8 17. Bc2 Qc7 18. Bb3 Nh5 19. Be3 Na5 20. Qd3 Bc6 21. Bc5 Nf4 22. Qe3 Rf7 23. Nd4 Nxb3 24. axb3 e5 25. Nxc6 bxc6 26. Ra1 a5 27. Bb6 Qd7 28. Rxa5 Qg4 29. Qf3 Qf5 30. Be3 Nd3 31. Rb1 Qe6 32.
Qe2 Nf4 33. Bxf4 Rxf4 34. Rba1 Qf5 35. Nf1 Rf8 36. Ra8 d4 37. Rxf8+ Bxf8 38. Ng3 Qe6 39. cxd4 Rxd4 40. h3 Qd5 41. Re1 Bg7 42. Ne4 Qxb3 43. Qg4 Qf7 44. Qc8+ Qf8 45. Qxc6 Qf7 46. Ng5 Qe7 47.
Ne4 Qd8 48. g3 1-0

[Event "Early-Titled-Tuesday-Blitz-February-13-2024"]
[Site "Chess.com"]
[Date "2024.02.13"]
[Round "6"]
[White "Chernov_Alexander_A"]
[Black "sewlins"]
[Result "0-1"]
[WhiteElo "2248"]
[BlackElo "2127"]
[TimeControl "180+1"]
[EndTime "9:10:27 PST"]
[Termination "sewlins won on time"]

1. d4 e6 2. g3 c5 3. Nf3 cxd4 4. Nxd4 d5 5. Bg2 e5 6. Nb3 Nf6 7. O-O Nc6 8. c4 d4 9. e3 Be7 10. exd4 exd4 11. N1d2 O-O 12. Nf3 d3 13. Bf4 a5 14.
Nbd2 Bf5 15. h3 Bc5 16. g4 Bg6 17. Bg3 h5 18. g5 Nh7 19. h4 Re8 20. Qb3 Qd7 21.
Kh2 a4 22. Qd1 Nf8 23. Re1 Rxe1 24. Qxe1 Re8 25. Qf1 Ne6 26. Bh3 Qd8 27. b3 Ned4 28. bxa4 Re2 29. Nb3 Nxf3+ 30. Kg2 Nce5 31. Nxc5 Qd4 32.
Nb3 Qe4 33. Nc5 Nxh4+ 34. Kh2 Qxc4 35. Bxh4 Qxh4 36. Qg2 Rxf2 37. Rg1 Rxg2+ 38. Rxg2 Ng4+ 0-1

[Event "Early-Titled-Tuesday-Blitz-February-13-2024"]
[Site "Chess.com"]
[Date "2024.02.13"]
[Round "6"]
[White "DeArron_Fox"]
[Black "traviscottofficial"]
[Result "0-1"]
[WhiteElo "2521"]
[BlackElo "2668"]
[TimeControl "180+1"]
[EndTime "9:10:29 PST"]
[Termination "traviscottofficial won on time"]

1. d4 d5 2. c4 dxc4 3. e3 Nf6 4. Bxc4 c5 5. Nf3 cxd4 6. exd4 e6 7. O-O Be7 8. Nc3 O-O 9. Bg5 Nbd7 10. Qe2 h6 11.
Bh4 Nb6 12. Bb3 Bd7 13. Ne5 Be8 14. Bc2 Qxd4 15. Bg3 Nbd5 16. Ne4 Rd8 17. Rfd1 Qb6 18. Bh4 Bb5 19. Qf3 Nxe4 20. Bxe7 Nxe7 21. Qxe4 g6 22. Qh4 Qc5 23. Rxd8 Rxd8 24. h3 Kg7 25. Ng4 Qg5 26. Qxg5 hxg5 27. Rd1 Rxd1+ 28. Bxd1 Nd5 29.
Bf3 Nb4 30. Bxb7 Nxa2 31. Ne3 Nb4 32. f3 Nd3 33. b3 Nc5 34. Bc8 Nxb3 35. Nc2 a5 36. Na3 Bc6 37. Ba6 Nc5 38. Be2 Bd5 39.
Kf2 Kf6 40. Ke3 Ke5 41. g3 a4 42. Nb1 Nb7 43. f4+ gxf4+ 44. gxf4+ Kf6 45. Kd4 Nd6 46. Nc3 a3 47. Bd1 Nb5+ 0-1

[Event "Early-Titled-Tuesday-Blitz-February-13-2024"]
[Site "Chess.com"]
[Date "2024.02.13"]
[Round "6"]
[White "egnfanclub"]
[Black "Statham_01"]
[Result "0-1"]
[WhiteElo "2365"]
[BlackElo "2585"]
[TimeControl "180+1"]
[EndTime "9:10:31 PST"]
[Termination "Statham_01 won on time"]

1. e4 e5 2. Nf3 Nf6 3. Bc4 Nxe4 4.
Nc3 Nf6 5. Nxe5 d5 6. Be2 d4 7. Nb1 Qd5 8. Nf3 Bd6 9. d3 O-O 10. O-O Nc6 11. Bg5 Ng4 12. Bh4 f5 13. h3 Nge5 14.
c3 Ng6 15. Qb3 Be6 16. Qxd5 Bxd5 17. Nbd2 Rae8 18. Rfe1 Nce5 19. Bg3 f4 20. Bh2 Nxf3+ 21.
Nxf3 dxc3 22. bxc3 c5 23. d4 cxd4 24. Nxd4 Rc8 25.
Rab1 b6 26. Bf3 Bxf3 27. Nxf3 Rxc3 28. Nd4 Bc5 29. Ne6 Re8 30. Nxc5 Rxe1+ 31. Rxe1 Rxc5 32. g4 Kf7 33. Kg2 Nh4+ 34. Kf1 g5 35. Bg1 Nf3 36. Rd1 Ke6 37. Ke2 Ne5 38. f3 Rc2+ 39. Rd2 Rxd2+ 40.
Kxd2 Nxf3+ 0-1

[Event "Early-Titled-Tuesday-Blitz-February-13-2024"]
[Site "Chess.com"]
[Date "2024.02.13"]
[Round "6"]
[White "Attacker_2006"]
[Black "rachidhuilda"]
[Result "1-0"]
[WhiteElo "2490"]
[BlackElo "2310"]
[TimeControl "180+1"]
[EndTime "9:10:32 PST"]
[Termination "Attacker_2006 won by checkmate"]

1. e4 c6 2. d4 d5 3. exd5 cxd5 4. Nf3 Nc6 5. c4 Nf6 6. Nc3 e6 7. cxd5 exd5 8. Bb5 Be7 9. Ne5 Qb6 10. Qa4 O-O 11. Bxc6 bxc6 12. Qxc6 Qxd4 13. Nf3 Qg4 14. O-O Be6 15.
Re1 Rfc8 16. Qb5 Rc5 17. Qb7 Re8 18. Be3 Rcc8 19. Qxa7 Ne4 20. Nxe4 dxe4 21. Nd4 Bc4 22. Rac1 Bf8 23. b3 Bd3 24. Rc7 Rxc7 25. Qxc7 h5 26. a4 h4 27. h3 Qg6 28. a5 Bd6 29. Qc6 Rd8 30. Rc1 Qf6 31. Nb5 Qe5 32. Nxd6 Rxd6 33. Qc8+ Kh7 34. Qg4 g6 35. Qxh4+ Kg7 36. Rc5 Qa1+ 37.
Kh2 Re6 38. Bh6+ Kh7 39. Rc8 g5 40. Bxg5+ Kg6 41. Qh8 Kf5 42. Qh7+ Ke5 43. Qh8+ f6 44. Bxf6+ Rxf6 45. Re8+ Kf5 46. Qh5+ Kf4 47. g3# 1-0

[Event "Early-Titled-Tuesday-Blitz-February-13-2024"]
[Site "Chess.com"]
[Date "2024.02.13"]
[Round "6"]
[White "Binary010"]
[Black "Aslanov_Umid"]
[Result "1/2-1/2"]
[WhiteElo "2897"]
[BlackElo "2685"]
[TimeControl "180+1"]
[EndTime "9:10:33 PST"]
[Termination "Game drawn by repetition"]

1. e4 c5 2. Nf3 d6 3. d4 cxd4 4. Nxd4 Nf6 5. Nc3 a6 6. Rg1 b5 7.
a4 b4 8. Nd5 Nxd5 9. exd5 Bb7 10. Nf5 g6 11. Qd4 f6 12. Ne3 a5 13. Bb5+ Nd7 14.
Nc4 Ba6 15. Bxd7+ Qxd7 16. Nb6 Qa7 17. Be3 Rb8 18. O-O-O Bg7 19. h4 O-O 20. h5 f5 21.
Qh4 Rxb6 22. hxg6 hxg6 23. Rh1 Kf7 24. Rde1 Re8 25. Qh7 Rh8 26. Bxb6 Qb7 27. Qxg7+ Kxg7 28. Bd4+ Kf7 29. Rxh8 Qxd5 30. Rh7+ Kf8 31. Rh8+ Kf7 32. Rh7+ Kf8 33. Be3 e5 34. b3 f4 35. Bb6 Qc6 36.
Bxa5 Qc5 37. Bc7 Qc3 38. Rd1 Qa1+ 39. Kd2 Qc3+ 40. Kc1 Kg8 41. Rd7 Qa1+ 42. Kd2 Qd4+ 43. Kc1 Qa1+ 44. Kd2 Qc3+ 45. Kc1 Qa1+ 1/2-1/2

[Event "Early-Titled-Tuesday-Blitz-February-13-2024"]
[Site "Chess.com"]
[Date "2024.02.13"]
[Round "6"]
[White "WiktoriaPOL"]
[Black "Fernando_Offermann"]
[Result "1/2-1/2"]
[WhiteElo "2286"]
[BlackElo "2498"]
[TimeControl "180+1"]
[EndTime "9:10:33 PST"]
[Termination "Game drawn by repetition"]

1. c4 g6 2. Nc3 Bg7 3. g3 Nf6 4. Bg2 O-O 5. e4 c5 6. Nge2 Nc6 7. O-O Ne8 8. d3 Nc7 9. Be3 Ne6 10. f4 Ned4 11. Rb1 d6 12. a3 Rb8 13. b4 b6 14.
b5 Nxe2+ 15. Nxe2 Nd4 16. Nxd4 cxd4 17. Bf2 f5 18. Qe2 e5 19. a4 Be6 20. exf5 Bxf5 21. Bd5+ Kh8 22. Be1 Qd7 23. fxe5 dxe5 24. Bb4 Rfe8 25.
Bc6 Qe6 26. Bxe8 Rxe8 27. Rbe1 h5 28. a5 Kh7 29. c5 bxc5 30. Bxc5 Qd5 31. Bxa7 Qxb5 32.
Qa2 Bxd3 33. Rf2 e4 34. Rb2 Qa6 35. Qf7 Rf8 36. Qe7 Qf6 37. Qxf6 Bxf6 38. Bc5 Rc8 39.
Rb7+ Kh6 40. Bd6 e3 41. h4 Bf5 42. Bf4+ g5 43. Rb6 gxf4 44. Rxf6+ Bg6 45. gxf4 Kg7 46. Rd6 d3 47. Rxe3 Rc1+ 48. Kf2 Rc2+ 49. Ke1 Ra2 50. Re7+ Kf8 51. Rc7 Ra1+ 52. Kd2 Ra2+ 53. Ke3 Re2+ 54. Kf3 Be4+ 55. Kg3 Bg6 56. Rxg6 d2 57. Rd6 Ke8 58. Rcd7 Re3+ 59. Kf2 Rh3 60. Rxd2 Rxh4 61. Ke1 Rh1+ 62.
Ke2 h4 63. Ra7 h3 64. Ke3 Re1+ 65. Re2 h2 66. Rh7 h1=Q 67. Rxh1 Rxh1 68. Kf3+ Kf7 69.
Ra2 Rh3+ 70. Ke4 Ke6 71. a6 Rh8 72. a7 Ra8 73. f5+ Kf6 74. Kf4 Kf7 75. Ke5 Re8+ 76.
Kf4 Ra8 77. Rh2 Kg8 78. Ra2 Kf7 1/2-1/2

[Event "Early-Titled-Tuesday-Blitz-February-13-2024"]
[Site "Chess.com"]
[Date "2024.02.13"]
[Round "6"]
[White "MiguelEduardoGB"]
[Black "Gryffindorac8"]
[Result "0-1"]
[WhiteElo "2159"]
[BlackElo "2401"]
[TimeControl "180+1"]
[EndTime "9:10:33 PST"]
[Termination "Gryffindorac8 won on time"]

1. Nf3 Nf6 2. b3 d5 3. Bb2 c5 4. e3 Nc6 5. Bb5 Bd7 6. O-O e6 7. d3 Be7 8. Qe2 a6 9. Bxc6 Bxc6 10. Nbd2 O-O 11. Ne5 Qc7 12. f4 b5 13. Ndf3 Bb7 14. Qf2 Rac8 15. Qg3 Ne8 16. c4 dxc4 17.
dxc4 f6 18. Ng4 Nd6 19. Qh3 Nf5 20. Rae1 Be4 21. Nf2 Qc6 22. Nxe4 Qxe4 23. Nh4 bxc4 24. Nxf5 exf5 25. bxc4 Rfd8 26. Bc3 Rd3 27. Ba5 g6 28. Rf2 Re8 29. Rfe2 Bf8 30. Qf3 Qxc4 31. Qc6 Qe4 32. Qxf6 Bg7 33. Qb6 c4 34. Qxa6 c3 35. Qb5 c2 36. Rxc2 Rxe3 37. Rxe3 Qxe3+ 38. Kf1 Qxf4+ 39. Kg1 Bd4+ 40. Kh1 Qe4 41. Qc4+ Kh8 42. h3 Bg7 43. Qxe4 fxe4 0-1

[Event "Early-Titled-Tuesday-Blitz-February-13-2024"]
[Site "Chess.com"]
[Date "2024.02.13"]
[Round "6"]
[White "Barbix1"]
[Black "C_K_G"]
[Result "0-1"]
[WhiteElo "2284"]
[BlackElo "2133"]
[TimeControl "180+1"]
[EndTime "9:10:33 PST"]
[Termination "C_K_G won on time"]

1. d4 d5 2. Nf3 e6 3. Bf4 Nf6 4. e3 Bd6 5. Ne5 c5 6. Bb5+ Ke7 7. c3 a6 8. Bd3 c4 9. Bc2 Nc6 10. Nd2 Qc7 11. Ndf3 b5 12. g4 Bb7 13. g5 Ne4 14.
Qb1 f6 15. gxf6+ gxf6 16. Nxc6+ Bxc6 17. Bxd6+ Qxd6 18. Ke2 Rhg8 19. Qf1 Rg7 20. Qh3 Rag8 21. Nh4 Ng5 22. Qg4 Bd7 23. Qh5 Kd8 24. Rag1 Kc7 25.
Qh6 Qe7 26. f4 Nh3 27. Rxg7 Rxg7 28. Nf3 Rg2+ 29. Kd1 Nf2+ 30. Kc1 Nd3+ 31. Bxd3 cxd3 32. Qh3 Rc2+ 33. Kb1 b4 34. Ne1 Rd2 35. Kc1 Re2 36. Nxd3 bxc3 37. Kb1 cxb2 38. Nxb2 Qb4 39. Rc1+ Kb7 40. Rc2 Re1+ 41. Rc1 Bb5 42. Qg2 Bd3+ 0-1

[Event "Early-Titled-Tuesday-Blitz-February-13-2024"]
[Site "Chess.com"]
[Date "2024.02.13"]
[Round "6"]
[White "Orest_Vovk"]
[Black "Radzio1987"]
[Result "0-1"]
[WhiteElo "2673"]
[BlackElo "2908"]
[TimeControl "180+1"]
[EndTime "9:10:34 PST"]
[Termination "Radzio1987 won by resignation"]

1. h4 d5 2. h5 h6 3. e4 dxe4 4. Nc3 Nf6 5. Qe2 Nc6 6. Nxe4 Nxe4 7. Qxe4 Qd4 8. Qxd4 Nxd4 9. Bd3 Bf5 10. Bxf5 Nxf5 11.
Nf3 e6 12. g4 Ne7 13. d4 Nd5 14. Bd2 Bd6 15. c4 Nf6 16. Rg1 Ne4 17. Be3 c6 18. Ke2 a6 19. Nd2 Nxd2 20. Kxd2 Rd8 21. g5 hxg5 22. Rxg5 Bf8 23. Ke2 f6 24. Ra5 Bb4 25. Ra4 Bd6 26. c5 Bf8 27. Rb4 Rd7 28. Rh1 Kd8 29. Rb3 Kc8 30. Rd3 Rd5 31. h6 gxh6 32. Rdd1 h5 33. Rdg1 Kd7 34. Rg6 Ke7 35. f4 Kf7 36. Rg2 h4 37. Kf3 h3 38. Rgh2 Rdh5 39.
Kg4 Rh4+ 40. Kg3 Kg6 41. b4 Kf5 42. Kf3 Be7 43. a4 Bd8 44. b5 Bc7 45. bxa6 bxa6 46. Ke2 Bxf4 47. Bxf4 Rxf4 48. Rxh3 Rxh3 49. Rxh3 Rxd4 50.
Rh5+ Ke4 51. Rh6 Ke5 52. Rh5+ f5 53. Rh7 Rxa4 54. Rc7 Kd5 55. Ra7 Kxc5 56. Rh7 Kd5 57. Rh4 Rxh4 0-1

[Event "Early-Titled-Tuesday-Blitz-February-13-2024"]
[Site "Chess.com"]
[Date "2024.02.13"]
[Round "6"]
[White "Licancabur"]
[Black "lucasran"]
[Result "0-1"]
[WhiteElo "2434"]
[BlackElo "2686"]
[TimeControl "180+1"]
[EndTime "9:10:34 PST"]
[Termination "lucasran won on time"]

1. d4 Nf6 2. Bg5 Ne4 3. Bf4 c5 4. f3 Qa5+ 5. c3 Nf6 6. d5 Qb6 7. Bc1 e6 8. e4 exd5 9. exd5 Be7 10.
Na3 d6 11. Nc4 Qc7 12. a4 O-O 13. Ne3 Re8 14. Bc4 Nbd7 15. Ne2 Ne5 16. O-O Nxc4 17. Nxc4 Bf5 18. Ng3 Bg6 19. f4 Be4 20. Nxe4 Nxe4 21.
Qf3 f5 22. g4 Qd7 23. g5 g6 24. Be3 Bf8 25. Rfd1 b6 26. Kg2 Re7 27. h4 h5 28.
Bg1 Rae8 29. Re1 Qb7 30. Red1 Bg7 31. Ne3 a6 32. Ra3 Qd7 33. Raa1 Rb8 34. Ra3 Ree8 35. Raa1 Ra8 36. Ra2 b5 37. axb5 axb5 38. Rda1 Qb7 39.
Qd1 b4 40. cxb4 Rxa2 41. Rxa2 Qxb4 42. Qc2 Bd4 43. Ra4 Qe1 44. Rxd4 cxd4 0-1

[Event "Early-Titled-Tuesday-Blitz-February-13-2024"]
[Site "Chess.com"]
[Date "2024.02.13"]
[Round "6"]
[White "Nikolakis2014"]
[Black "DonkyDonkyDonkey"]
[Result "1/2-1/2"]
[WhiteElo "2714"]
[BlackElo "2932"]
[TimeControl "180+1"]
[EndTime "9:10:35 PST"]
[Termination "Game drawn by repetition"]

1. d4 Nf6 2. c4 e6 3. Nc3 Bb4 4. a3 Bxc3+ 5. bxc3 d5 6. f3 O-O 7. Bg5 h6 8. Bh4 Nbd7 9. e3 c5 10. cxd5 exd5 11. Bd3 Re8 12. Qd2 Qe7 13. Bf2 Nf8 14. Ne2 Ng6 15. O-O b6 16. Rfe1 Bb7 17. Ng3 Qd7 18. a4 Rac8 19. Bf5 Qd8 20. Bxc8 Qxc8 21.
a5 h5 22. axb6 axb6 23. Rab1 h4 24. Ne2 h3 25. Rxb6 hxg2 26. Kxg2 Qf5 27. Bg3 Bc8 28. Rf1 Qg5 29. dxc5 Nh4+ 30. Kh1 Bh3 31. Rf2 Rxe3 32. c6 Nf5 33. Bf4 Rxf3 34. Bxg5 Rxf2 35. Rb1 Ne4 36. Qxd5 Rxe2 37. c7 Kh7 38. c8=Q Nfg3+ 39. hxg3 Bxc8 40. g4 Bxg4 41. Qd4 Bf3+ 42. Kg1 Rg2+ 43. Kf1 Ng3+ 44. Ke1 Re2+ 45. Kd1 Ra2+ 46. Ke1 Re2+ 47. Kd1 Ra2+ 48.
Ke1 Re2+ 1/2-1/2

[Event "Early-Titled-Tuesday-Blitz-February-13-2024"]
[Site "Chess.com"]
[Date "2024.02.13"]
[Round "6"]
[White "viviania"]
[Black "Evgeny81"]
[Result "0-1"]
[WhiteElo "2902"]
[BlackElo "2738"]
[TimeControl "180+1"]
[EndTime "9:10:36 PST"]
[Termination "Evgeny81 won on time"]

1. d4 d5 2. c4 e6 3. Nf3 Nf6 4. g3 dxc4 5. Bg2 a6 6. O-O Nc6 7. e3 Bd7 8. Qe2 b5 9. b3 cxb3 10. axb3 Be7 11. Bb2 Nb4 12. Ne5 Rb8 13. Na3 O-O 14.
Nc2 Nxc2 15. Qxc2 Rb6 16. Rfc1 Bd6 17. e4 c6 18. Nxd7 Nxd7 19. e5 Bb4 20. Bxc6 a5 21. h4 h6 22. Be4 Qb8 23. Qe2 Rd8 24. Rc2 Nf8 25. Qf3 Ra6 26. Rac1 Ra7 27. d5 exd5 28. Bxd5 Re7 29. Rc6 a4 30. bxa4 bxa4 31. Ba1 Qb5 32. Bc4 Qb7 33. Qg4 Qd7 34. e6 fxe6 35. Bb5 Qd2 36.
Rb1 Ba5 37. Bf6 Rf7 38. Bxd8 Qxf2+ 39. Kh1 Bxd8 40. Bxa4 Bf6 41. Rc2 Qe3 42. Re2 Qd3 43.
Bc2 Qd5+ 44. Kh2 Qd6 45. Rb8 Qxb8 0-1

[Event "Early-Titled-Tuesday-Blitz-February-13-2024"]
[Site "Chess.com"]
[Date "2024.02.13"]
[Round "6"]
[White "disciplinedbrat"]
[Black "KetiTsatsalashvili"]
[Result "1/2-1/2"]
[WhiteElo "2490"]
[BlackElo "2467"]
[TimeControl "180+1"]
[EndTime "9:10:36 PST"]
[Termination "Game drawn by repetition"]

1. d4 Nf6 2. c4 e6 3. Nf3 d5 4. Nc3 Bb4 5. Qa4+ Nc6 6. a3 Bxc3+ 7. bxc3 h6 8. e3 O-O 9. Bd3 Qe7 10. Bb2 a6 11.
Qc2 dxc4 12. Bxc4 e5 13. h3 exd4 14. cxd4 Na5 15. Bd3 Be6 16. O-O b5 17. Ne5 Rac8 18. e4 c5 19. d5 Bd7 20. Nxd7 Nxd7 21. Qc3 Qf6 22. e5 Qb6 23. Bf5 Rfd8 24. e6 Nf6 25. exf7+ Kxf7 26. Be6+ Kf8 27. Qg3 Nc4 28. Bxf6 gxf6 29.
Qg8+ Ke7 30. Qf7+ Kd6 31. Bxc8 Rxc8 32. Qxf6+ Kc7 33. Qf7+ Kb8 34. Rae1 Nd2 35. Re6 Qa5 36. Rd1 Nc4 37. Re7 Qb6 38. Rde1 Nd6 39. Qh7 Rd8 40. R1e6 c4 41. Rd7 Rf8 42. Qe7 Qxf2+ 43. Kh2 Qf4+ 44. Kh1 Qf1+ 45. Kh2 Qf4+ 46. Kh1 Qf1+ 47. Kh2 Qf4+ 1/2-1/2

[Event "Early-Titled-Tuesday-Blitz-February-13-2024"]
[Site "Chess.com"]
[Date "2024.02.13"]
[Round "6"]
[White "wqws"]
[Black "bubeliang"]
[Result "1-0"]
[WhiteElo "2661"]
[BlackElo "2833"]
[TimeControl "180+1"]
[EndTime "9:10:37 PST"]
[Termination "wqws won on time"]

1. e4 c6 2. d4 d5 3. e5 c5 4. dxc5 e6 5. Be3 Nd7 6. Bb5 Qc7 7. b4 Ne7 8. f4 g5 9. Nf3 gxf4 10. Bxf4 Ng6 11. Bg3 Bg7 12. O-O O-O 13. Qe2 Ndxe5 14. Nbd2 Nxf3+ 15. Nxf3 Qd8 16. h4 Bxa1 17. Rxa1 Qf6 18.
Rf1 Qg7 19. h5 Ne7 20. Bd6 Nf5 21. Bxf8 Kxf8 22. Qf2 e5 23. Nh4 Nxh4 24. Qxh4 Be6 25. h6 Qg6 26. Rf6 Qe4 27. Qg3 Ke7 28. Qg5 Kf8 29.
Rxe6 Qd4+ 30. Kh2 Qf4+ 31. Qxf4 exf4 32. Rf6 a5 33. a3 axb4 34. axb4 Ra2 35. Bd3 Ra4 36.
Rxf4 Ke7 37. Bxh7 Ke6 38. Bd3 Ra8 39. h7 Ke5 40. Rg4 Rh8 41. Rg8 Rxh7+ 42. Bxh7 Kd4 43. Rb8 Kc3 44. Rxb7 d4 45. c6 Kd2 46. Bd3 Kc1 47.
c7 Kd2 48. c8=Q 1-0